 Dungeon Crawl Stone Soup version 0.19-a0-14-gde87d98 (webtiles) character file.

530 Ijustatesigmund the Ruffian (level 7, -3/68 HPs)
             Began as a Troll Hunter on Apr 29, 2016.
             Slain by a gnoll
             ... wielding a +0 hand axe
              (5 damage)
             ... on level 4 of the Dungeon.
             The game lasted 00:51:45 (2854 turns).

Ijustatesigmund the Ruffian (Troll Hunter)          Turns: 2854, Time: 00:51:46

Health: -3/68      AC:  7    Str: 21    XL:     7   Next: 3%
Magic:  6/6        EV: 10    Int:  7    God:
Gold:   231        SH:  0    Dex: 12    Spells: 0 memorised, 6 levels left

rFire  . . .     SeeInvis .       - Unarmed
rCold  . . .     Gourm    +     b - +0 robe
rNeg   . . .     Faith    .     (no shield)
rPois  .         Spirit   .     (helmet restricted)
rElec  .         Dismiss  .     k - +1 cloak
rCorr  .         Reflect  .     (gloves unavailable)
SustAt .         Harm     .     (boots unavailable)
MR     .....                    (no amulet)
Stlth  +.........               (no ring)
                                (no ring)

@: lethally poisoned (-3 -> -8), not resistant to hostile enchantments, very
unstealthy
A: unfitting armour, claws 3, fast metabolism 3, gourmand, regeneration 2,
shaggy fur 1, tough skin 2
a: no special abilities


You were on level 4 of the Dungeon.
You were full.

You visited 1 branch of the dungeon, and saw 4 of its levels.
You also visited: Sewer.

You collected 231 gold pieces.

Inventory:

Missiles
 c - 5 large rocks (quivered)
 d - 2 throwing nets
Armour
 b - a +0 robe (worn)
 k - a +1 cloak (worn)
Wands
 q - a wand of slowing (48/48)
Scrolls
 l - 2 scrolls of remove curse
 o - 4 scrolls of teleportation
 p - a scroll of immolation
 s - 2 scrolls of recharging
 w - a scroll of magic mapping
Potions
 a - a potion of cure mutation
 e - a potion of haste {unknown}
 g - a potion of lignification {unknown}
 h - 2 potions of magic
 j - a potion of flight {unknown}
 m - 2 potions of mutation {unknown}
 t - 3 potions of might
 u - 2 potions of curing {unknown}
 v - a potion of heal wounds {unknown}
Books
 r - a book of Maledictions

   Spells                             Type                      Level
   a - Corona                         Hexes                        1
   b - Ensorcelled Hibernation        Hexes/Ice                    2
   c - Confuse                        Hexes                        3
   d - Tukima's Dance                 Hexes                        3
   e - Dazzling Spray                 Conjuration/Hexes            3
Comestibles
 f - 3 bread rations
 i - 2 royal jellies
 n - 3 meat rations


   Skills:
 + Level 3.7 Fighting
 - Level 3.6 Throwing
 - Level 1.5 Dodging
 - Level 0.4 Stealth
 * Level 6.0 Unarmed Combat


You had 6 spell levels left.
You didn't know any spells.

Dungeon Overview and Level Annotations

Branches:
Dungeon (4/15)
 Temple: D:4-7

Altars:
Cheibriados
Pakellas
Sif Muna


Innate Abilities, Weirdness & Mutations

You are too large for most types of armour.
You have claws for hands.
Your metabolism is lightning-fast.
You like to eat raw meat.
You heal very quickly.
You are covered in fur (AC +1).
You have very tough skin (AC +2).


Message History

* * * LOW HITPOINT WARNING * * *
The gnoll hits you but does no damage.
You claw the gnoll! Your claw misses the gnoll.
The gnoll is almost dead.
You feel sick.
The gnoll hits you from afar with a spear.
* * * LOW HITPOINT WARNING * * *
The gnoll hits you with a hand axe.
* * * LOW HITPOINT WARNING * * *
You barely miss the gnoll.
The gnoll is almost dead.
* * * LOW HITPOINT WARNING * * *
You feel sick.
The gnoll hits you from afar with a spear.
* * * LOW HITPOINT WARNING * * *
You closely miss the gnoll.
The gnoll is almost dead.
* * * LOW HITPOINT WARNING * * *
You feel sick. The gnoll hits you with a hand axe.
You die...

#########.####### #....##
................# #....##
#...###.........###########....##
##### ##.>.......................
#........#############.###
########......... #.#
#.............# #.###
#.###.........# #.... #
#@........# ####. #g).......# #.
#g........# #. #.........# #.
##.........#######.
...................
#.........#######. #.........# #.
#.........##### ##


You could see 2 gnolls.

Vanquished Creatures
  2 giant frogs (Sewer)
  An orc priest (D:4)
  Ijyb (D:3)
  An iguana (D:4)
  A worker ant (D:4)
  13 adders
  2 gnolls (D:4)
  4 river rats (Sewer)
  2 oozes
  A worm (D:2)
  3 dart slugs
  A giant gecko (D:3)
  6 orcs
  13 ball pythons
  4 giant cockroaches
  8 goblins
  9 hobgoblins
  7 quokkas
  5 bats
  4 giant newts
  4 kobolds
  31 rats
123 creatures vanquished.

Notes
Turn   | Place    | Note
--------------------------------------------------------------
     0 | D:1      | Ijustatesigmund the Troll Hunter began the quest for the Orb.
     0 | D:1      | Reached XP level 1. HP: 19/19 MP: 0/0
    64 | D:1      | Reached skill level 1 in Unarmed Combat
    77 | D:1      | Reached XP level 2. HP: 22/28 MP: 1/1
   565 | D:2      | Found a snail-covered altar of Cheibriados.
   618 | D:2      | Reached skill level 2 in Unarmed Combat
   618 | D:2      | Reached XP level 3. HP: 24/35 MP: 2/2
   717 | D:2      | Found a deep blue altar of Sif Muna.
  1213 | D:3      | Found an oddly glowing altar of Pakellas.
  1348 | D:3      | Noticed Ijyb
  1359 | D:3      | Killed Ijyb
  1359 | D:3      | Reached XP level 4. HP: 44/44 MP: 3/3
  1365 | D:3      | Found a faded altar to an unknown god.
  1449 | D:3      | Reached skill level 3 in Unarmed Combat
  1910 | D:4      | Reached XP level 5. HP: 29/53 MP: 4/4
  2126 | D:4      | Found a glowing drain.
  2131 | Sewer    | Entered a sewer
  2150 | Sewer    | Reached skill level 4 in Unarmed Combat
  2320 | Sewer    | Reached XP level 6. HP: 58/61 MP: 5/5
  2392 | Sewer    | Reached skill level 5 in Unarmed Combat
  2843 | D:4      | Reached XP level 7. HP: 61/68 MP: 6/6
  2848 | D:4      | Reached skill level 6 in Unarmed Combat
  2853 | D:4      | HP: 3/68 [poisoned by a gnoll]
  2854 | D:4      | Slain by a gnoll

Vault maps used:
D:1:      dpeg_arrival_radiant, minmay_surrounded
D:2:      lemuel_blue_sif_altar, kennysheep_slug_shrine
D:3:      grunt_pakellas_mercury, ecumenical_altar_2, uniq_iyjb
D:4:      kennysheep_little_box, portal_sewer_entry_e, minmay_ogre_servants
Sewer:    sewer_minmay_w

Skill      XL: |  1  2  3  4  5  6  7 |
---------------+----------------------+-----
Unarmed Combat | 1 2 3 4 5 6 |  6.0
Fighting       | 2 3 |  3.7
Throwing       | |  3.6
Dodging        | |  1.5
Stealth        | |  0.4

Action                   |  1- 3 |  4- 6 |  7- 9 || total
-------------------------+-------+-------+-------++-------
Melee: Unarmed           |   101 |   229 |    11 ||   341
       Punch             |       |     5 |       ||     5
  Use: Scroll            |     5 |     6 |       ||    11
       Potion            |       |     1 |       ||     1
 Stab: Sleeping          |     1 |     1 |       ||     2
  Eat: Chunk             |    14 |    15 |       ||    29
Armor: Robe              |    51 |   128 |     3 ||   182
Dodge: Dodged            |    49 |   172 |     6 ||   227
